 Dungeon Crawl Stone Soup version 0.26-a0-36-g11e0b32562 (webtiles) character file.

Game seed: 12257701258801398710, levelgen mode: deterministic

198 JADarius the Skirmisher (level 5, -2/47 HPs)
             Began as a Minotaur Berserker on May 28, 2020.
             Was a Believer of Trog.
             Slain by a gnoll
             ... wielding a +0 spear
              (5 damage)
             ... on level 3 of the Dungeon on May 30, 2020.
             The game lasted 00:20:59 (2626 turns).

JADarius the Skirmisher (Minotaur Berserker)        Turns: 2626, Time: 00:20:59

Health: -2/47      AC:  7    Str: 20 (21) XL:     5   Next: 47%
Magic:  4/4        EV: 11    Int:  4 (5)  God:    Trog [**....]
Gold:   160        SH:  0    Dex:  8 (10) Spells: 4/4 levels left

rFire    . . .     SeeInvis .   a - +0 hand axe
rCold    . . .     Gourm    .   (no shield)
rNeg     . . .     Faith    .   s - +0 scale mail
rPois    .         Spirit   .   (helmet restricted)
rElec    .         Reflect  .   (no cloak)
rCorr    .         Harm     .   (no gloves)
MR       ++...                  (no boots)
Stlth    ..........             (no amulet)
HPRegen  1.15/turn              (no ring)
MPRegen  0.09/turn              (no ring)

@: brilliant, berserk cooldown, regenerating, slowed, very slow
A: retaliatory headbutt, horns 2
a: Berserk, Trog's Hand, Renounce Religion


You were on level 3 of the Dungeon.
You worshipped Trog.
Trog was pleased with you.
You were near starving.

You visited 1 branch of the dungeon, and saw 3 of its levels.

You collected 160 gold pieces.

Inventory:

Hand Weapons
 a - a +0 hand axe (weapon)
Armour
 b - a +0 animal skin
 f - a +0 leather armour
 g - a +0 ring mail
 s - a +0 scale mail (worn)
Jewellery
 n - an uncursed amulet of the acrobat {unknown}
 o - a cursed -4 ring of evasion {unknown}
 v - an uncursed ring of positive energy {unknown}
Wands
 t - a wand of acid (10)
Scrolls
 d - a scroll of remove curse {unknown}
 h - a scroll of fog {unknown}
 i - 3 scrolls of identify {unknown}
 p - a scroll of noise {unknown}
Potions
 e - 2 potions of lignification {unknown}
 j - 2 potions of flight {unknown}
 k - a potion of brilliance
 l - a potion of degeneration
 m - 2 potions of heal wounds {unknown}
 q - a potion of curing {unknown}
 r - a potion of haste {unknown}
 u - a potion of ambrosia {unknown}
Comestibles
 c - 7 rations
 w - 2 chunks of flesh


   Skills:
 + Level 4.9 Fighting
 + Level 4.8 Axes
 + Level 4.0 Armour
 + Level 3.7 Dodging


You had 4 spell levels left.
You didn't know any spells.
Your spell library was empty.

Dungeon Overview and Level Annotations

Branches:
Dungeon (3/15)

Altars:
Trog


Innate Abilities, Weirdness & Mutations

You reflexively headbutt those who attack you in melee.
You have a pair of horns on your head.


Message History

* * * LOW HITPOINT WARNING * * *
The gnoll hits you but does no damage. The gnoll closely misses you.
You hit the gnoll but do no damage. The gnoll barely misses you.
The gnoll completely misses you. The gnoll hits you but does no damage.
You hit the gnoll.
The gnoll is moderately wounded.
The gnoll hits you from afar with a +0 spear.
* * * LOW HITPOINT WARNING * * *
The gnoll hits you with a +0 spear.
* * * LOW HITPOINT WARNING * * *
The gnoll hits you from afar with a +0 spear.
* * * LOW HITPOINT WARNING * * *
It was a potion of degeneration.
There was something very wrong with that liquid.
You feel weakened.
You feel dopey.
You feel clumsy. The gnoll closely misses you.
The gnoll hits you from afar with a +0 spear.
* * * LOW HITPOINT WARNING * * *
The gnoll hits you with a +0 spear.
You die...

# #.# .. #.# ...
#.# .... #.# .
.....##.####.gg.
..........lg....
..!..#)#########
### #..g.g....#
#.###@....#
####.# #
#.........#
#.....
#.#....#.####
######## #.....
#.#÷####.#
#....... #.....
#...÷....#
#.###### #.....
###.###### #.#
#.....## #.# #.#
#.(....#
#.######## #.#
#.# #.........
#.#


You could see 2 gnolls.

Vanquished Creatures
  Ijyb (D:3)
  An iguana (D:3)
  3 adders
  4 gnolls
  2 worms (D:2)
  A dart slug (D:1)
  A leopard gecko (D:3)
  10 bats
  A giant cockroach (D:1)
  16 goblins
  5 hobgoblins
  11 jackals
  3 ball pythons
  2 frilled lizards (D:2)
  5 kobolds
  3 rats
69 creatures vanquished.

Notes
Turn   | Place    | Note
-------+----------+-------------------------------------------
     0 | D:1      | JADarius the Minotaur Berserker began the quest for the
                  | Orb.
     0 | D:1      | Reached XP level 1. HP: 19/19 MP: 0/0
   222 | D:1      | Reached XP level 2. HP: 27/27 MP: 1/1
  1070 | D:2      | Reached XP level 3. HP: 23/33 MP: 2/2
  1099 | D:2      | Reached ** piety under Trog
  1342 | D:2      | Found a bloodstained altar of Trog.
  1379 | D:2      | Upgraded the game from 0.26-a0-28-gc929df5585 to
                  | 0.26-a0-36-g11e0b32562
  1560 | D:2      | Reached XP level 4. HP: 24/41 MP: 3/3
  2284 | D:3      | Noticed Ijyb
  2299 | D:3      | Killed Ijyb
  2299 | D:3      | Reached XP level 5. HP: 43/47 MP: 4/4
  2626 | D:3      | Slain by a gnoll

Illustrated notes

Levels and vault maps discovered:
D:1:      dpeg_arrival_radiant, layout_loops_ring,
          chequers_serial_rivers_micro_d
D:2:      layout_loops_ring, bloody_trog, first_ration
D:3:      kennysheep_goblin_castle, layout_basic,
          nicolae_dithmenos_through_a_glass_darkly

Skill      XL: |  1  2  3  4  5 |
---------------+----------------+-----
Axes           | 4 |  4.8
Fighting       | 4 |  4.9
Armour         | 3 4 |  4.0
Dodging        | 3 |  3.7

Action                   |  1- 3 |  4- 6 || total
-------------------------+-------+-------++-------
Melee: Hand axe          |    79 |    45 ||   124
       Headbutt          |     5 |    12 ||    17
Invok: Berserk           |       |     2 ||     2
       Trog's Hand       |       |     1 ||     1
  Use: Potion            |       |     2 ||     2
  Eat: Chunk             |     2 |     4 ||     6
Armor: Animal skin       |     4 |       ||     4
       Ring mail         |    19 |    13 ||    32
       Scale mail        |       |     7 ||     7
Dodge: Dodged            |    75 |    42 ||   117

Table legend:
 A = Non-vault XP
 B = Vault XP
 C = Vault XP percentage of total XP
 D = Non-vault monster count
 E = Vault monster count
 F = Vault count percentage of total count
                 A         B        C        D         E       F
            +---------+---------+-------+---------+---------+-------
      Total |     213 |      70 |  24.7 |      57 |      12 |  17.4
            +---------+---------+-------+---------+---------+-------
        D:1 |      39 |       0 |   0.0 |      20 |       0 |   0.0
        D:2 |     111 |       0 |   0.0 |      28 |       0 |   0.0
        D:3 |      63 |      70 |  52.6 |       9 |      12 |  57.1
            +---------+---------+-------+---------+---------+-------
